 Dungeon Crawl Stone Soup version 0.31-a0-345-g1ebeae05c6 (webtiles) character file.

Game seed: 17561722871858692762

478 porpoise the Sneak (level 7, -3/46 HPs)
             Began as an Octopode Shapeshifter on July 23, 2023.
             Slain by an ice beast (5 damage)
             ... on level 5 of the Dungeon.
             The game lasted 00:11:23 (3851 turns).

porpoise the Sneak (Octopode Shapeshifter)          Turns: 3851, Time: 00:11:23

Health: -3/46      AC:  1    Str: 16    XL:     7   Next: 11%
Magic:  7/7        EV: 12    Int: 10    God:
Gold:   251        SH:  9    Dex: 13    Spells: 6/6 levels left

rFire   . .          .
                       - Unarmed
rCold   . . .        c - +0 buckler
rNeg    . . .        (helmet currently unavailable)
rPois   .            i - amulet of reflection
rElec   .            (no ring)
rCorr   .            (no ring)
SInv    .            (no ring)
Will    .....        (no ring)
Stlth   ++++         (no ring)
HPRegen 0.27/turn    (no ring)
MPRegen 0.10/turn    (no ring)
                     (no ring)

%: reflection
@: beast-form
A: beast (slay +2), almost no armour, amphibious, 8 rings, camouflage 1,
gelatinous body 1, (nimble swimmer 1), tentacles
a: Begin Untransformation


You were on level 5 of the Dungeon.
You were a hulking beast.
You visited 1 branch of the dungeon, and saw 5 of its levels.

You collected 251 gold pieces.

Inventory:

Hand Weapons
 b - a +1 sling
Missiles
 p - 14 poisoned darts (quivered)
 u - 31 stones
Armour
 c - a +0 buckler (worn)
Jewellery
 i - an amulet of reflection (around mantle)
Talismans
 r - a beast talisman
 t - a granite talisman
Wands
 s - a wand of roots (6)
 x - a wand of quicksilver (8)
 y - a wand of flame (23)
Scrolls
 d - a scroll of enchant weapon
 e - 2 scrolls of noise
 f - a scroll of fear
 h - 2 scrolls of teleportation {unknown}
 m - a scroll of enchant armour {unknown}
 n - a scroll of summoning {unknown}
 o - 2 scrolls of immolation
 v - a scroll of revelation {unknown}
Potions
 a - 2 potions of lignification
 g - a potion of degeneration {unknown}
 j - a potion of experience {unknown}
 k - 3 potions of curing
 l - a potion of ambrosia {unknown}
 q - a potion of mutation {unknown}
 w - a potion of magic {unknown}
 z - 2 potions of heal wounds
 A - a potion of invisibility {unknown}
 B - a potion of cancellation {unknown}


   Skills:
 + Level 3.5 Fighting
 - Level 2.0 Dodging
 + Level 4.8 Stealth
 + Level 4.6 Unarmed Combat
 + Level 4.2 Shapeshifting


You had 6 spell levels left.
You didn't know any spells.
Your spell library contained the following spells:

 Spells                   Type           Power      Damage    Failure   Level
 Slow                     Hex            0%         N/A       45%         1
 Ensorcelled Hibernation  Hex/Ice        0%         N/A       58%         2
 Passwall                 Tmut/Erth      0%         N/A       58%         2
 Confusing Touch          Hex            0%         N/A       83%         3
 Swiftness                Air            0%         N/A       83%         3
 Vampiric Draining        Necr           0%         2d6       83%         3
 Volatile Blastmotes      Fire/Tloc      0%         2d10      83%         3
 Fulminant Prism          Conj/Hex       0%         3d5       99%         4
 Iskenderun's Mystic Bla  Conj/Tloc      0%         2d3       99%         4


Dungeon Overview and Level Annotations

Branches:
Dungeon (5/15)
 Temple: D:4-7

Altars:
Uskayaw
Xom

Shops:
D:4 =


Innate Abilities, Weirdness & Mutations

You are a hulking beast.
Your limbs bulge with bestial killing power. (Slay +2)
You cannot wear most types of armour.
You are amphibious.
You can wear up to eight rings at the same time.
Your skin changes colour to match your surroundings (Stealth+).
Your rubbery body absorbs attacks. (AC +1, EV +1)
((You are camouflaged when in or above water. (Stealth+)))
You have tentacles for arms and can constrict up to eight enemies at once.


Message History

There is a stone staircase leading down here.
There is a stone staircase leading down here.
There is an open door here.
You open the door.
There is an open door here.
You open the door.
There is an open door here.
You now have 251 gold pieces (gained 15).
x - a wand of quicksilver (8)
You see here a +0 ring mail.
You open the door.
An ice beast comes into view.
Found a crooked fluorescent wand.
There is an open door here.
You bludgeon the ice beast!
The ice beast is moderately wounded.
The ice beast closely misses you.
You tentacle-slap the ice beast but do no damage.
The ice beast is moderately wounded.
The ice beast hits you. The ice beast freezes you!
You tentacle-slap the ice beast.
The ice beast is heavily wounded.
The ice beast closely misses you.
You closely miss the ice beast.
The ice beast is heavily wounded.
The ice beast hits you. The ice beast freezes you!
You are too injured to fight recklessly!
You completely miss the ice beast.
The ice beast is heavily wounded.
The ice beast hits you. The ice beast freezes you!
* * * LOW HITPOINT WARNING * * *
You barely miss the ice beast.
The ice beast is heavily wounded.
You block the ice beast's attack.
You barely miss the ice beast. You squeeze the ice beast.
The ice beast is heavily wounded.
The ice beast hits you.
* * * LOW HITPOINT WARNING * * *
The ice beast freezes you.
You die...

## ## #....
##.#.#####.#
#........#.##
#####............
.......Y.....#.#
#..h.......#
#........##
####.....# #.#
##.#### #.# ##'##
#.# ##[..## #.#
##.....## ###.#
##.......## ##.#.#
#.........####....##


You could see an ice beast.

Vanquished Creatures
  A phantom (D:4)
  4 crimson imps (D:4)
  3 hounds
  2 orc priests (D:5)
  2 adders
  A white imp (D:5)
  2 worms
  3 dart slugs
  3 orcs
  5 ball pythons
  8 bats
  10 endoplasms
  7 goblins
  4 hobgoblins
  14 kobolds
  2 quokkas (D:4)
  6 frilled lizards
  9 rats
86 creatures vanquished.

Notes
Turn   | Place    | Note
-------+----------+-------------------------------------------
     0 | D:1      | porpoise the Octopode Shapeshifter began the quest for the
                  | Orb.
     0 | D:1      | Reached XP level 1. HP: 13/13 MP: 1/1
   164 | D:1      | Reached XP level 2. HP: 15/18 MP: 2/2
   493 | D:1      | Reached skill level 1 in Stealth
   517 | D:1      | Reached XP level 3. HP: 23/24 MP: 3/3
  1373 | D:2      | Reached XP level 4. HP: 25/29 MP: 4/4
  1472 | D:2      | Found a faded altar of an unknown god.
  1846 | D:3      | Found a hide-covered altar of Uskayaw.
  2148 | D:4      | Found a shimmering altar of Xom.
  2157 | D:4      | Reached XP level 5. HP: 35/35 MP: 5/5
  2354 | D:4      | Reached XP level 6. HP: 39/41 MP: 6/6
  2754 | D:4      | Found Vaubbeun's Jewellery Shoppe.
  3018 | D:5      | Entered Level 5 of the Dungeon
  3451 | D:5      | Reached XP level 7. HP: 34/46 MP: 7/7
  3851 | D:5      | HP: 2/46 [ice beast (5)]
  3851 | D:5      | Slain by an ice beast

Illustrated notes

Levels and vault maps discovered:
D:1:      sevenhm_arrival_forest_fort_small_5, layout_basic
D:2:      layout_basic, hellmonk_ecumenical_altar_blasted
D:3:      layout_rooms, mainiacjoe_overflow_boulevard
D:4:      layout_rooms, led_xom_imps, serial_shops, nicolae_shop_rolling_square,
          kennysheep_path_1, minivault_19
D:5:      layout_loops_corners, kennysheep_generic_room_13

Skill      XL: |  1  2  3  4  5  6 |
---------------+-------------------+-----
Stealth        | 1 2 3 4 |  4.8
Fighting       | 2 3 |  3.5
Unarmed Combat | 4 |  4.6
Shapeshifting  | 4 |  4.2
Dodging        | |  2.0

Action                     |  1- 3 |  4- 6 |  7- 9 || total
---------------------------+-------+-------+-------++-------
  Melee: Unarmed           |    63 |    93 |    14 ||   170
         Constrict         |    14 |    27 |     2 ||    43
         Tentacles         |     6 |    18 |     3 ||    27
         Punch             |     2 |     4 |       ||     6
  Throw: Dart              |       |     4 |       ||     4
    Use: Scroll            |     1 |     4 |       ||     5
   Stab: Sleeping          |     7 |     7 |     2 ||    16
 Armour: Skin              |     2 |     6 |     1 ||     9
  Dodge: Dodged            |    16 |    17 |     3 ||    36
  Block: Buckler           |     8 |    21 |     3 ||    32
         Reflection        |     1 |     2 |       ||     3

Table legend: (Time is in decaauts)
 A = Elapsed time spent in this place.
 B = Non-inter-level travel time spent in this place.
 C = Inter-level travel time spent in this place.
 D = Time resting spent in this place.
 E = Time spent auto-exploring this place.
 F = Levels seen in this place.
 G = Mean time per level.
                   A        B        C        D        E       F      G
               +--------+--------+--------+--------+--------+-----+--------+
         Total |   3843 |   3715 |    128 |    490 |   2538 |   5 |  768.6 |
       Dungeon |   3843 |   3715 |    128 |    490 |   2538 |   5 |  768.6 |
               +--------+--------+--------+--------+--------+-----+--------+

Top non-repeatable levels by time:
     D:4: 880 daAuts
     D:5: 832 daAuts
     D:1: 816 daAuts
     D:2: 756 daAuts
     D:3: 558 daAuts
